 Dungeon Crawl Stone Soup version 0.30-a0-691-g754fce4c43 (webtiles) character file.

Game seed: 15913812526783373322

5887 drugrobin the Martial Artist (level 10, -1/74 HPs)
             Began as a Demigod Delver on Jan 19, 2023.
             Slain by a komodo dragon (25 damage)
             ... on level 9 of the Dungeon on Jan 20, 2023.
             The game lasted 00:29:04 (13352 turns).

drugrobin the Martial Artist (Demigod Delver)      Turns: 13352, Time: 00:29:05

Health: -1/74      AC:  7    Str: 17    XL:     10   Next: 28%
Magic:  22/28      EV: 15    Int: 12    God:
Gold:   695        SH:  0    Dex: 23    Spells: 5/16 levels left

rFire   . . .      SeeInvis .      - Unarmed
rCold   . . .      Faith    .    (no shield)
rNeg    . . .      Spirit   .    L - +0 steam dragon scales
rPois   +          Reflect  .    (helmet currently unavailable)
rElec   .          Harm     .    P - +1 cloak {rCorr}
rCorr   +          Rampage  .    (no gloves)
Will    +....                    (boots currently unavailable)
Stlth   ++++                     (no amulet)
HPRegen 0.32/turn                z - ring of poison resistance
MPRegen 0.21/turn                D - ring of magical power

@: appendages (expiring), very slightly contaminated
A: horns 2, talons 2, high MP 1, forlorn, divine attributes, camouflage 1
a: End Transformation


You were on level 9 of the Dungeon.
You had temporarily grown beastly horns and talons.
You visited 2 branches of the dungeon, and saw 10 of its levels.
You also visited: Ossuary.

You collected 695 gold pieces.

Inventory:

Hand Weapons
 b - a +0 sling of flaming
 c - a +0 dagger of draining
 d - a +2 dagger of venom
 e - a +2 quarterstaff of chaos
Missiles
 w - 38 poisoned darts
 K - 5 boomerangs
 Q - a throwing net
 T - 2 silver boomerangs (quivered)
 U - 2 boomerangs of dispersal
Armour
 t - a +0 pair of boots (melded)
 G - a +0 helmet (melded)
 L - +0 steam dragon scales (worn)
 P - a +1 cloak of preservation (worn)
Jewellery
 z - a ring of poison resistance (left hand)
 D - a ring of magical power (right hand)
Wands
 f - a wand of digging (5)
 u - a wand of polymorph (12)
 v - a wand of flame (23)
 F - a wand of roots (11)
 M - a wand of acid (24)
Scrolls
 g - a scroll of blinking {unknown}
 h - 4 scrolls of magic mapping
 j - 2 scrolls of silence
 k - a scroll of fog
 m - 7 scrolls of teleportation
 o - 2 scrolls of amnesia
 s - 2 scrolls of fear
 x - 3 scrolls of torment {unknown}
 y - 3 scrolls of enchant armour {unknown}
 B - 2 scrolls of vulnerability {unknown}
 C - 2 scrolls of brand weapon {unknown}
 E - 10 scrolls of identify {unknown}
 H - a scroll of immolation {unknown}
 R - a scroll of noise {unknown}
Potions
 a - a potion of magic {unknown}
 i - 2 potions of invisibility {unknown}
 l - 4 potions of mutation
 n - 3 potions of might {unknown}
 p - a potion of cancellation {unknown}
 q - 6 potions of curing
 r - 3 potions of flight {unknown}
 A - a potion of resistance {unknown}
 I - 2 potions of ambrosia {unknown}
 J - a potion of berserk rage {unknown}
 N - 2 potions of heal wounds
 O - 3 potions of haste
 S - a potion of brilliance


   Skills:
 - Level 2.6 Fighting
 + Level 4.8 Dodging
 - Level 4.5 Stealth
 * Level 13.1 Unarmed Combat
 + Level 3.8 Spellcasting


You had 5 spell levels left.
You knew the following spells:

 Your Spells              Type           Power      Damage    Failure   Level
a - Poisonous Vapours     Pois/Air       4%         N/A       34%         2
b - Mephitic Cloud        Conj/Pois/Air  2%         N/A       56%         3
c - Swiftness             Air            2%         N/A       56%         3
d - Beastly Appendage     Tmut           4%         N/A       22%         1
e - Wereblood             Tmut           2%         N/A       34%         2

Your spell library contained the following spells:

 Spells                   Type           Power      Damage    Failure   Level
 Sandblast                Erth           4%         2d4       22%         1
 Shock                    Conj/Air       8%         1d3       22%         1
 Cigotuvi's Dreadful Rot  Necr/Pois/Air  4%         N/A       34%         2
 Passwall                 Tmut/Erth      1%         N/A       34%         2
 Dazzling Flash           Conj/Hex       4%         N/A       56%         3
 Ignite Poison            Fire/Tmut/Pois 2%         N/A       56%         3
 Spider Form              Tmut/Pois      2%         N/A       56%         3
 Stone Arrow              Conj/Erth      4%         3d7       56%         3
 Airstrike                Air            1%         2d(1-17)  92%         4
 Sticky Flame             Conj/Fire      2%         2d3       92%         4
 Agony                    Necr           2%         N/A       99%         5
 Silence                  Hex/Air        1%         N/A       99%         5
 Ignition                 Fire           1%         3d3       100%        8


Dungeon Overview and Level Annotations

Branches:
Dungeon (9/15)             Temple (0/1) D:7            Lair (1/5) D:9
Ossuary (visited)
    Orc: D:9-12

Annotations:
D:5 exclusion: statue
D:6 Maggie, Sigmund


Innate Abilities, Weirdness & Mutations

You have temporarily grown beastly horns and talons.
You have an increased reservoir of magic. (+10% MP)
You shall have no god before yourself.
Your divine heritage dramatically boosts your attributes as you level up.
Your skin changes colour to match your surroundings (Stealth+).


Message History

Confirm with . or Enter, or press ? or * to list all spells.
Aiming: Mephitic Cloud (dangerous; 56% risk of failure)
Press: ? - help, Shift-Dir - straight line, f/p - komodo dragon
Aim: a komodo dragon (moderately wounded, chance to affect: 62%)
You miscast Mephitic Cloud.
You are very lightly contaminated with residual magic.
Nothing appears to happen.
Unknown command.
Unknown command.
Unknown command.
Casting: Mephitic Cloud (dangerous; 56% risk of failure)
Confirm with . or Enter, or press ? or * to list all spells.
Aiming: Mephitic Cloud (dangerous; 56% risk of failure)
Press: ? - help, Shift-Dir - straight line, f/p - komodo dragon
Aim: a komodo dragon (lightly wounded, chance to affect: 62%)
You miscast Mephitic Cloud.
Sparks of electricity dance around you!
Unknown command.
Unknown command.
The komodo dragon bites you!!
You climb upwards.
Welcome back to the Dungeon!
There is a staircase to the Lair here.
You hit the komodo dragon but do no damage.
You claw the komodo dragon, but do no damage.
You headbutt the komodo dragon, but do no damage.
You punch the komodo dragon.
The komodo dragon is moderately wounded.
The komodo dragon bites you!!
You punch the komodo dragon!
You claw the komodo dragon, but do no damage.
You headbutt the komodo dragon.
The komodo dragon is heavily wounded.
You punch the komodo dragon!
You claw the komodo dragon, but do no damage.
You headbutt the komodo dragon!
The komodo dragon is almost dead.
The komodo dragon bites you but does no damage.
You hit the komodo dragon but do no damage.
The komodo dragon is almost dead.
The komodo dragon bites you!!
You die...

#.......#
###.......#
####..###
####'####
###....#### #.#
#.....#...# #.#
#####.#.#.#.#.#
#.#
......#.#...#.#
#.#
....#.#.#####.####
#.#
....#.#.........l#
#.#
...##.##########@#
#.#
...##.#.....#.####
#.#
...##.###.#.#.#
#.#
...##.....#...#
#.#
#############.#
#.# ###
#.........# ###.#
..# ##'########
#...# #.#
#.......### #.###
#'## #######...#
#.#


You could see a komodo dragon.

Vanquished Creatures
  Prince Ribbit (D:5)
  A hornet (D:7)
  2 wyverns (D:9)
  3 yaks (D:9)
  A steam dragon (D:6)
  Grum (D:8)
  An acid dragon (D:9)
  A water moccasin (D:6)
  An orc warrior (D:8)
  2 black bears
  A sky beast (D:8)
  An ogre (D:4)
  3 wolves
  3 centaurs
  2 phantoms
  2 kobold brigands
  A gnoll sergeant (D:9)
  4 necrophages
  14 scorpions
  5 wights
  14 killer bees
  A centaur zombie (Ossuary)
  2 orc priests
  3 hounds
  2 jellies
  2 gnoll boudas
  Ijyb (D:4)
  9 scorpion zombies (Ossuary)
  Natasha (D:2)
  2 orc wizards
  4 mummies
  17 gnolls
  Robin (D:2)
  8 adders
  2 white imps (D:6)
  2 worms
  3 dart slugs
  25 orcs
  5 bats
  6 endoplasms
  2 giant cockroaches
  2 gnoll zombies (Ossuary)
  8 goblins (D:2)
  7 hobgoblins
  3 quokkas
  6 ball pythons
  3 frilled lizards
  2 goblin zombies (Ossuary)
  3 hobgoblin zombies (Ossuary)
  19 kobolds
  2 kobold zombies (Ossuary)
  An orc zombie (Ossuary)
  7 rats
  A spectral orc (D:3)
226 creatures vanquished.

Vanquished Creatures (others)
  2 fungi (D:2)
  5 toadstools (D:2)
7 creatures vanquished.

Grand Total: 233 creatures vanquished

Notes
Turn   | Place    | Note
-------+----------+-------------------------------------------
     0 | D:5      | drugrobin the Demigod Delver began the quest for the Orb.
     0 | D:5      | Reached XP level 1. HP: 18/18 MP: 3/3
    53 | D:5      | Noticed a charred statue
   115 | D:5      | Reached skill level 2 in Unarmed Combat
   201 | D:6      | Noticed a hound
   227 | D:6      | Killed a hound
   228 | D:6      | Reached skill level 3 in Unarmed Combat
   228 | D:6      | Reached XP level 2. HP: 14/25 MP: 4/4
   302 | D:5      | Noticed a necrophage
   361 | D:5      | Found a sand-covered staircase.
   392 | Ossuary  | Entered an ossuary
   399 | Ossuary  | Noticed a scorpion
   421 | Ossuary  | Killed a scorpion
   422 | Ossuary  | Reached skill level 4 in Unarmed Combat
   422 | Ossuary  | Reached XP level 3. HP: 16/30 MP: 5/5
   422 | Ossuary  | Reached XP level 4. HP: 20/37 MP: 6/6
   632 | Ossuary  | Reached skill level 5 in Unarmed Combat
   632 | Ossuary  | Reached XP level 5. HP: 7/42 MP: 7/7
   940 | Ossuary  | Reached skill level 6 in Unarmed Combat
  1049 | Ossuary  | Reached XP level 6. HP: 33/50 MP: 8/8
  1371 | Ossuary  | Reached skill level 7 in Unarmed Combat
  1599 | Ossuary  | Reached XP level 7. HP: 21/56 MP: 9/9
  1945 | Ossuary  | Reached skill level 8 in Unarmed Combat
  1953 | Ossuary  | HP: 4/84 [poisoned by a scorpion]
  2650 | D:5      | Reached skill level 9 in Unarmed Combat
  2868 | D:4      | Noticed Ijyb
  2889 | D:4      | Killed Ijyb
  3550 | D:2      | Reached XP level 8. HP: 58/62 MP: 10/10
  4676 | D:2      | Noticed Robin
  4693 | D:2      | Killed Robin
  4826 | D:2      | Noticed Natasha
  4837 | D:2      | Killed Natasha
  5709 | D:3      | Learned a level 2 spell: Poisonous Vapours
  6260 | D:4      | Reached skill level 10 in Unarmed Combat
  7126 | D:5      | Noticed Prince Ribbit
  7294 | D:5      | Killed Prince Ribbit
  7295 | D:5      | Reached skill level 11 in Unarmed Combat
  7483 | D:6      | Noticed Sigmund
  7950 | D:6      | Reached XP level 9. HP: 66/68 MP: 11/11
  7979 | D:6      | Learned a level 3 spell: Mephitic Cloud
  7983 | D:6      | Learned a level 3 spell: Swiftness
  8072 | D:6      | Noticed Maggie
  8738 | D:7      | Reached skill level 1 in Spellcasting
  9028 | D:7      | Found a staircase to the Ecumenical Temple.
  9056 | D:7      | Reached skill level 12 in Unarmed Combat
  9953 | D:6      | Found a runed translucent door.
  9954 | D:6      | Noticed Crazy Yiuf
  9959 | D:6      | Crazy Yiuf changed into Crazy Yiuf the giant cockroach
  9959 | D:6      | Noticed Crazy Yiuf
  9961 | D:6      | Killed Crazy Yiuf the giant cockroach
 10362 | D:8      | Noticed Grum
 10411 | D:7      | Gained mutation: Your skin changes colour to match your
                  | surroundings (Stealth+). [potion of mutation]
 10986 | D:8      | Learned a level 1 spell: Beastly Appendage
 10989 | D:8      | Learned a level 2 spell: Wereblood
 11047 | D:8      | Killed Grum
 12089 | D:9      | Reached XP level 10. HP: 72/74 MP: 18/18
 12764 | D:9      | Reached skill level 13 in Unarmed Combat
 12964 | D:9      | Found a transporter.
 12970 | D:9      | Found a transporter.
 12971 | D:9      | Found a transporter.
 13080 | D:9      | Found a staircase to the Lair.
 13116 | D:9      | Found a transporter.
 13342 | Lair:1   | Entered Level 1 of the Lair of Beasts
 13352 | D:9      | Slain by a komodo dragon

Illustrated notes

Levels and vault maps discovered:
D:1:      kennysheep_arrival_seaside, layout_rooms, palyth_stone_intersect
D:2:      layout_loops_ring, hellmonk_ecumenical_altar_leap_of_faith,
          minmay_gold_behind_fungi, uniq_natasha, uniq_robin
D:3:      layout_basic, yredelemnul_forgotten_temple_becter, elyvilon_altar_4,
          mainiacjoe_overflow_brackets, mainiacjoe_overflow_alcove_4,
          chequers_avenue, mrwooster_statue_mirror
D:4:      layout_basic, uniq_ijyb
D:5:      layout_loops_cross, bloody_makhleb, vehumet_statue,
          nemelex_diamond_rough_becter, okawaru_gym_becter,
          gup_ossuary_entry_pyramid, minmay_misc_feat_columns,
          uniq_prince_ribbit1
D:6:      layout_basic, nicolae_qazlal_general_emergency, amcnicky_altar_gilded,
          uniq_sigmund, uniq_maggie, uniq_crazy_yiuf_cottage
D:7:      layout_basic, minmay_temple_entry_sparse_star
D:8:      layout_loops_corners, uniq_grum
D:9:      layout_roguey, lair_entry_dummy, nicolae_transporter_circle
Lair:1:   layout_regular_city, grunt_megastairs_5, lemuel_fruit_tree,
          serial_bayou_shore_a

Skill      XL: |  1  2  3  4  5  6  7  8  9 10 |
---------------+-------------------------------+-----
Unarmed Combat | 3 4 5 6 7 9 11 12 13 | 13.1
Dodging        | 4 |  4.8
Spellcasting   | 3 |  3.8
Fighting       | |  2.6
Stealth        | |  4.5

Action                   |  1- 3 |  4- 6 |  7- 9 | 10-12 || total
-------------------------+-------+-------+-------+-------++-------
Melee: Dagger            |    29 |    27 |    12 |       ||    68
       Unarmed           |     3 |   175 |   547 |    81 ||   806
       Punch             |       |    13 |    37 |     3 ||    53
       Halberd           |       |       |     9 |       ||     9
       Kick              |       |       |     4 |    22 ||    26
       Headbutt          |       |       |     3 |    10 ||    13
 Fire: Sling             |       |       |    22 |     5 ||    27
Throw: Dart              |       |       |    36 |       ||    36
       Boomerang         |       |       |       |     3 ||     3
 Cast: Poisonous Vapours |       |       |    58 |    11 ||    69
       Beastly Appendage |       |       |     4 |     8 ||    12
       Mephitic Cloud    |       |       |     1 |     2 ||     3
Evoke: Wand              |       |       |     2 |       ||     2
  Use: Scroll            |     2 |       |     3 |       ||     5
       Potion            |       |       |     5 |       ||     5
 Stab: Sleeping          |       |     1 |    19 |     1 ||    21
       Distracted        |       |       |     1 |       ||     1
       Confused          |       |       |       |     4 ||     4
Armor: Leather armour    |     9 |    24 |    42 |       ||    75
       Chain mail        |       |       |    51 |       ||    51
       Steam dragon scal |       |       |    62 |    18 ||    80
Dodge: Dodged            |    29 |    80 |   305 |    46 ||   460

Table legend: (Time is in decaauts)
 A = Elapsed time spent in this place.
 B = Non-inter-level travel time spent in this place.
 C = Inter-level travel time spent in this place.
 D = Time resting spent in this place.
 E = Time spent auto-exploring this place.
 F = Levels seen in this place.
 G = Mean time per level.
                   A        B        C        D        E       F      G
               +--------+--------+--------+--------+--------+-----+--------+
         Total |  13196 |  12456 |    740 |   2072 |   7348 |  11 | 1199.6 |
       Dungeon |  11072 |  10332 |    740 |    868 |   7122 |   9 | 1230.2 |
          Lair |      6 |      6 |      0 |      0 |      0 |   1 |    6.0 |
       Ossuary |   2117 |   2117 |      0 |   1204 |    226 |   1 | 2117.0 |
               +--------+--------+--------+--------+--------+-----+--------+

Top non-repeatable levels by time:
 Ossuary: 2117 daAuts
     D:8: 1656 daAuts
     D:7: 1644 daAuts
     D:4: 1600 daAuts
     D:6: 1348 daAuts
     D:9: 1251 daAuts
     D:5: 1083 daAuts
     D:3: 932 daAuts
     D:2: 927 daAuts
     D:1: 627 daAuts
  Lair:1: 6 daAuts
